 Dungeon Crawl Stone Soup version 0.21.1-1-g345015f (webtiles) character file.

8488 Fang the Cleaver (level 11, -1/103 HPs)
             Began as a Gargoyle Berserker on June 6, 2018.
             Was a High Priest of Trog.
             Slain by a 14-headed hydra (5 damage)
             ... on level 8 of the Dungeon.
             The game lasted 00:19:11 (9658 turns).

Fang the Cleaver (Gargoyle Berserker)               Turns: 9658, Time: 00:19:11

Health: -1/103     AC: 14    Str: 30    XL:     11   Next: 31%
Magic:  11/11      EV: 15    Int:  9    God:    Trog [*****.]
Gold:   416        SH:  0    Dex: 12    Spells: 10/10 levels left

rFire    . . .     SeeInvis .   a - +1 hand axe
rCold    + . .     Gourm    .   (no shield)
rNeg     + + .     Faith    .   t - +0 robe of the Original Sin {rElec rN+}
rPois    ∞         Spirit   .   A - +1 helmet
rElec    +         Reflect  .   (no cloak)
rCorr    .         Harm     .   (no gloves)
MR       .....     Rnd*Tele +   (no boots)
Stlth    ..........             B - amulet of Fuucw {RegenMP +Blink rF- rC+ Str+2}
HPRegen  0.27/turn              e - +3 ring of dexterity
MPRegen  0.37/turn              (no ring)

@: berserking, heavily drained, very quick
A: icy blue scales 1, blurry vision 1, fire resistance 1, mutation resistance 1,
negative energy resistance 1, electricity resistance, teleportitis 1,
unbreathing, petrification resistance, rot immunity, AC +8
a: Berserk, Trog's Hand, Brothers in Arms, Burn Spellbooks, Renounce Religion,
Evoke Blink


You were on level 8 of the Dungeon.
You worshipped Trog.
Trog was extremely pleased with you.
You were near starving.

You visited 2 branches of the dungeon, and saw 9 of its levels.

You collected 416 gold pieces.

Inventory:

Hand Weapons
 a - a +1 hand axe (weapon)
Armour
 t - the +0 robe of the Original Sin (worn) {rElec rN+}
   (You found it on level 8 of the Dungeon)

   It insulates you from electricity.
   It protects you from negative energy.
 A - a +1 helmet (worn)
 C - a +2 robe of the Archmagi
Jewellery
 e - a +3 ring of dexterity (left hand)
 f - an uncursed amulet of harm
 m - a +2 amulet of reflection
 B - the amulet of Fuucw (around neck) {RegenMP +Blink rF- rC+ Str+2}
   (You found it on level 8 of the Dungeon)

   [amulet of magic regeneration]

   It increases your magic regeneration.
   It affects your strength (+2).
   It makes you vulnerable to fire.
   It protects you from cold.
   It lets you blink.
Wands
 b - a wand of clouds (2)
 o - a wand of disintegration (8)
 v - a wand of iceblast (6)
 y - a wand of flame (25)
Scrolls
 d - 2 scrolls of magic mapping
 h - a scroll of remove curse
 k - a scroll of blinking
 l - 3 scrolls of teleportation
 n - a scroll of enchant armour
Potions
 g - a potion of agility
 i - a potion of brilliance
 j - 2 potions of magic
 p - 4 potions of curing
 q - a potion of haste
 s - 2 potions of heal wounds
 u - a potion of berserk rage
 w - a potion of flight
 x - a potion of invisibility
Books
 r - a book of Alchemy

   Spells                             Type                      Level
   a - Sublimation of Blood           Necromancy                   2
   b - Ignite Poison                  Fire/Transmutation/Poison    3
   c - Petrify                        Transmutation/Earth          4
   d - Alistair's Intoxication        Transmutation/Poison         5
   e - Irradiate                      Conjuration/Transmutation    5
   Trog disapproves of the use of such an item.
Comestibles
 c - 4 rations


   Skills:
 + Level 8.9(7.4) Fighting
 + Level 11.3(9.7) Axes
 + Level 2.3(1.0) Armour
 + Level 7.3(5.8) Dodging
 + Level 5.6(4.3) Stealth


You had 10 spell levels left.
You didn't know any spells.

Dungeon Overview and Level Annotations

Branches:
Dungeon (8/15)             Temple (1/1) D:6
   Lair: D:8-11

Altars:
Ashenzari
Cheibriados
Dithmenos
Elyvilon
Fedhas
Gozag
Hepliaklqana
Kikubaaqudgha
Makhleb
Nemelex Xobeh
Okawaru
Qazlal
Ru
Sif Muna
Trog
Uskayaw
Vehumet
Wu Jian
Xom
Yredelemnul
Zin
The Shining One


Innate Abilities, Weirdness & Mutations

You are resistant to torment.
Your stone body is resilient. (AC +8)
You are immune to poison.
You resist negative energy. (rN+)
You are resistant to electric shocks. (rElec)
You can survive without breathing.
You are immune to petrification.
You are immune to rotting.
You are partially covered in icy blue scales. (AC +2)
Scrolls take you a little longer to read.
Your flesh is heat resistant. (rF+)
You are somewhat resistant to further mutation.
You are occasionally teleported next to monsters.


Message History

* * * LOW HITPOINT WARNING * * *
The 12-headed hydra bites you.
* * * LOW HITPOINT WARNING * * *
The 12-headed hydra bites you.
* * * LOW HITPOINT WARNING * * *
The 12-headed hydra bites you.
* * * LOW HITPOINT WARNING * * *
The 12-headed hydra bites you.
* * * LOW HITPOINT WARNING * * *
The 12-headed hydra bites you but does no damage.
The 12-headed hydra barely misses you. x2
You slice one of the 12-headed hydra's heads off!
The 11-headed hydra grows two more!
You slash the 13-headed hydra!
The 13-headed hydra is lightly wounded.
You lop one of the 13-headed hydra's heads off!
The 12-headed hydra grows two more!
You slash the 14-headed hydra!
The 14-headed hydra is lightly wounded.
The 14-headed hydra bites you but does no damage.
The 14-headed hydra bites you.
You die...

#.....# #.#.# ##....#
#.#.# #...D##
######.#.# #....)#
#......#..
#....)########.####.#..
#..............# ###..
###.########.#.# #..
#.#).......#.# #.#
#..D@..#####.######..
###†##............#(#
#.##.##########....
#.##.# ##### #....#
######


You could see a 14-headed hydra.

Vanquished Creatures
  The ghost of Rathner the Carver, a novice GnCK of Xom (D:8)
  Pikel (D:6)
  A wolf spider zombie (D:7)
  2 cyclopes (D:8)
  2 centaur zombies (D:7)
  Psyche (D:8)
  2 hellwings (D:7)
  2 hippogriffs
  A meliai zombie (D:7)
  A dream sheep (D:8)
  A shadow (D:8)
  A wraith (D:8)
  A hungry ghost (D:8)
  A black bear (D:8)
  2 ice beasts
  3 ogres
  3 slaves (D:6)
  5 centaurs
  2 sky beasts
  4 bullfrogs
  Blork the orc (D:5)
  2 big kobolds
  A wyvern zombie (D:7)
  5 scorpions
  6 killer bees (D:7)
  A crimson imp (D:8)
  A jelly (D:7)
  2 bullfrog skeletons
  3 orc priests (D:8)
  7 hounds
  2 orc wizards
  4 centaur skeletons
  An iguana (D:8)
  5 worker ants
  2 killer bee zombies
  A hound skeleton (D:6)
  A howler monkey skeleton (D:5)
  10 gnolls
  12 adders
  3 shadow imps (D:7)
  An ooze (D:2)
  An adder skeleton (D:7)
  2 worms
  2 dart slugs
  3 leopard geckos
  11 orcs
  7 giant cockroaches
  10 goblins
  6 hobgoblins
  8 jackals
  13 kobolds
  8 quokkas
  A ball python (D:1)
  9 bats
  9 frilled lizards
  5 rats
203 creatures vanquished.

Vanquished Creatures (others)
  A leopard gecko (D:6)
1 creature vanquished.

Grand Total: 204 creatures vanquished

Notes
Turn   | Place    | Note
-------+----------+-------------------------------------------
     0 | D:1      | Fang the Gargoyle Berserker began the quest for the Orb.
     0 | D:1      | Reached XP level 1. HP: 14/14 MP: 1/1
   133 | D:1      | Reached XP level 2. HP: 11/19 MP: 2/2
   504 | D:1      | Reached skill level 3 in Axes
  1109 | D:2      | Reached XP level 3. HP: 23/23 MP: 3/3
  1173 | D:2      | Reached ** piety under Trog
  1206 | D:2      | Reached skill level 1 in Stealth
  1262 | D:2      | Reached XP level 4. HP: 16/29 MP: 4/4
  1330 | D:2      | Found an iron altar of Okawaru.
  2122 | D:3      | Found a shattered altar of Ashenzari.
  2310 | D:3      | Reached skill level 4 in Axes
  2313 | D:3      | Reached XP level 5. HP: 25/33 MP: 5/5
  2319 | D:3      | Found a shattered altar of Ashenzari.
  2853 | D:4      | Reached *** piety under Trog
  3156 | D:5      | Entered Level 5 of the Dungeon
  3165 | D:5      | Noticed a centaur
  3472 | D:5      | Killed a centaur
  3472 | D:5      | Reached XP level 6. HP: 34/38 MP: 6/6
  3685 | D:5      | Noticed a sky beast
  3700 | D:5      | Killed a sky beast
  3700 | D:5      | Reached skill level 5 in Axes
  3942 | D:5      | Reached XP level 7. HP: 30/44 MP: 7/7
  4140 | D:5      | Found a deep blue altar of Sif Muna.
  4226 | D:5      | Found a hide-covered altar of Uskayaw.
  4229 | D:5      | Found a hazy altar of Hepliaklqana.
  4263 | D:5      | Reached skill level 6 in Axes
  4330 | D:5      | Reached skill level 5 in Fighting
  4397 | D:5      | Noticed Blork the orc
  4408 | D:5      | Killed Blork the orc
  4561 | D:5      | Reached XP level 8. HP: 32/49 MP: 8/8
  4826 | D:6      | Gained mutation: You are partially covered in icy blue scales. (AC +2) [potion of mutation]
  4826 | D:6      | Gained mutation: You are agile. (Dex +2) [potion of mutation]
  4827 | D:6      | Lost mutation: You are agile. (Dex +2) [potion of mutation]
  4827 | D:6      | Gained mutation: Your flesh is heat resistant. (rF+) [potion of mutation]
  4827 | D:6      | Gained mutation: Scrolls take you a little longer to read. [potion of mutation]
  4827 | D:6      | Gained mutation: You are occasionally teleported next to monsters. [potion of mutation]
  4827 | D:6      | Gained mutation: You are somewhat resistant to further mutation. [potion of mutation]
  5028 | D:6      | Noticed Pikel
  5039 | D:6      | Killed Pikel
  5039 | D:6      | Reached skill level 7 in Axes
  5268 | D:6      | Found a staircase to the Ecumenical Temple.
  5424 | D:6      | Found a glowing golden altar of the Shining One.
  5855 | Temple   | Entered the Ecumenical Temple
  6112 | D:7      | Reached XP level 9. HP: 55/55 MP: 9/9
  6130 | D:7      | Reached skill level 8 in Axes
  6155 | D:7      | Noticed a hellwing
  6189 | D:7      | Noticed a hellwing
  6210 | D:7      | Killed a hellwing
  6313 | D:7      | Reached skill level 5 in Dodging
  6531 | D:7      | Reached skill level 9 in Axes
  6534 | D:7      | Reached skill level 5 in Stealth
  6629 | D:7      | Killed a hellwing
  6629 | D:7      | Reached XP level 10. HP: 63/63 MP: 10/10
  6736 | D:7      | Reached **** piety under Trog
  7078 | D:7      | Reached skill level 10 in Axes
  7395 | D:7      | Found a basalt altar of Yredelemnul.
  7638 | D:7      | Found an iron altar of Okawaru.
  8059 | D:8      | Noticed Psyche
  8071 | D:8      | Paralysed by something for 7 turns
  8084 | D:8      | Killed Psyche
  8623 | D:8      | Reached ***** piety under Trog
  8625 | D:8      | Reached XP level 11. HP: 69/69 MP: 11/11
  8631 | D:8      | Got an ominously black robe
  8642 | D:8      | Identified the cursed +0 robe of the Original Sin {rElec rN+} (You found it on level 8 of the Dungeon)
  8665 | D:8      | Noticed a cyclops
  8677 | D:8      | Killed a cyclops
  8677 | D:8      | Reached skill level 11 in Axes
  8845 | D:8      | Noticed Rathner's ghost (novice GnCK)
  8914 | D:8      | Killed Rathner's ghost
  9133 | D:8      | Found a shattered altar of Ashenzari.
  9201 | D:8      | Found an ornate altar of the Wu Jian Council.
  9326 | D:8      | Noticed a cyclops
  9335 | D:8      | Killed a cyclops
  9504 | D:8      | Got a faintly glowing crystal amulet
  9506 | D:8      | Identified the amulet of Fuucw {RegenMP +Blink rF- rC+ Str+2} (You found it on level 8 of the Dungeon)
  9619 | D:8      | Noticed a three-headed hydra
  9656 | D:8      | HP: 4/103 [12-headed hydra (6)]
  9658 | D:8      | Slain by a 14-headed hydra

Skill      XL: |  1  2  3  4  5  6  7  8  9 10 11 |
---------------+----------------------------------+-----
Axes           | 3 4 5 6 7 9 10 11 | 11.3
Stealth        | 1 2 3 5 |  5.6
Dodging        | 2 3 4 5 6 7 |  7.3
Fighting       | 4 5 7 8 |  8.9
Armour         | |  2.3

Action                   |  1- 3 |  4- 6 |  7- 9 | 10-12 || total
-------------------------+-------+-------+-------+-------++-------
Melee: Hand axe          |    89 |   216 |   268 |   325 ||   898
Invok: Berserk           |       |     3 |     7 |    10 ||    20
 Abil: Evoke Blink       |       |       |       |     1 ||     1
  Use: Scroll            |       |       |    15 |     7 ||    22
       Potion            |       |       |     2 |       ||     2
 Stab: Sleeping          |     1 |     5 |     1 |     3 ||    10
       Distracted        |       |       |     2 |     2 ||     4
  Eat: Chunk             |     1 |     6 |     8 |    15 ||    30
       Ration            |       |     1 |     3 |     2 ||     6
Armor: Animal skin       |    35 |    85 |    19 |       ||   139
       Robe              |       |       |   104 |   148 ||   252
Dodge: Dodged            |    76 |   170 |   194 |   252 ||   692
Block: Other             |     2 |    10 |     6 |       ||    18
       Reflection        |       |     2 |       |       ||     2
